cohdb
Replays
Latest Replays
All Replays
Popular Replays
Top Player Replays
Match Explorer
How It Works
Community
CoH3 Stats
Reddit
Sign in to upload your games and track your stats! →
Sign in with Steam
Match 41390225
Unlisted
Match 41390225
Overview
Messages
Build Orders
End
Kradschützen Motorcycle Team
Panzergrenadier Squad
Panzergrenadier Squad
Panzergrenadier Squad
Construct Light Support Kompanie
Fire Support Elements
Combat Half-tracks
Vehicle Survival Package
Panzerjäger Mechanized Group
Construct Panzerarmee Kommand
Selects Armored Support Battlegroup
Selects Veteran Gunners
Emergency Repair Kits
Selects Salvage Kits
Walking Stuka Rocket Launcher
Tungsten Core Ammunition
牢玩家
无123
CPU - VERY EASY
HiddenJoker
Fabius Maximus
The sexy Ginger
IronPixie
sKrAnAcz®
0
0
Comments
sign in to comment!
No comments posted yet!